 Dungeon Crawl Stone Soup version 0.27-a0-1147-gb3d8e82157 (webtiles) character file.

Game seed: 17196967442748762227

732 kae the Slasher (level 7, -5/56 HPs)
             Began as a Demonspawn Fighter on May 11, 2021.
             Slain by a two-headed ogre
             ... wielding a +0 giant club
              (8 damage)
             ... on level 5 of the Dungeon.
             The game lasted 00:02:15 (5404 turns).

kae the Slasher (Demonspawn Fighter)                Turns: 5404, Time: 00:02:15

Health: -5/56      AC:  6    Str: 18    XL:     7   Next: 45%
Magic:  7/7        EV:  7    Int:  9    God:
Gold:   176        SH:  9    Dex: 19    Spells: 6/6 levels left

rFire    . . .     SeeInvis .   a - +0 long sword
rCold    . . .     Faith    .   c - +0 kite shield
rNeg     . . .     Spirit   .   b - +0 scale mail
rPois    .         Reflect  .   (no helmet)
rElec    .         Harm     .   (no cloak)
rCorr    .         Rampage  .   (no gloves)
Will     .....                  (boots unavailable)
Stlth    ..........             (no amulet)
HPRegen  0.18/turn              g - +6 ring of dexterity
MPRegen  0.10/turn              (no ring)

@: mighty
A: talons 3
a: no special abilities


You were on level 5 of the Dungeon.
You visited 1 branch of the dungeon, and saw 5 of its levels.

You collected 176 gold pieces.

Inventory:

Hand Weapons
 a - a +0 long sword (weapon)
Armour
 b - a +0 scale mail (worn)
 c - a +0 kite shield (worn)
Jewellery
 g - a +6 ring of dexterity (left hand)
Wands
 j - a wand of iceblast (9)
 k - a wand of polymorph (9)
 l - a wand of flame (8)
Scrolls
 e - 2 scrolls of teleportation
 h - a scroll of identify
Potions
 d - 3 potions of might
 f - a potion of ambrosia
 i - a potion of resistance
 m - a potion of brilliance
 n - a potion of haste


   Skills:
 + Level 5.6 Fighting
 * Level 6.4 Long Blades
 - Level 2.6 Armour
 - Level 2.6 Shields


You had 6 spell levels left.
You didn't know any spells.
Your spell library was empty.

Dungeon Overview and Level Annotations

Branches:
Dungeon (5/15)             Temple (0/1) D:5

Altars:
Kikubaaqudgha
Ru
Sif Muna
Trog
Zin
The Shining One


Innate Abilities, Weirdness & Mutations

You have claws for feet.


Message History

There is a stone staircase leading down here.
A hound skeleton comes into view.
The hound skeleton moves out of view.
A hound skeleton is nearby!
A hound skeleton is nearby!
A hound skeleton is nearby!
The hound skeleton barely misses you.
The hound skeleton bites you but does no damage.
You slash the hound skeleton!
The hound skeleton is heavily damaged.
The hound skeleton closely misses you.
You riposte.
You slash the hound skeleton!
You destroy the hound skeleton!
No target in view!
No target in view!
Found a staircase to the Ecumenical Temple.
No target in view!
No target in view!
A two-headed ogre comes into view.
It is wielding a +0 giant club and a +0 dire flail.
The two-headed ogre shouts in stereo!
An ice beast comes into view.
Found an emerald potion.
There are monsters nearby!
Found 13 gold pieces.
You feel very mighty all of a sudden.
You slash the two-headed ogre! You claw the two-headed ogre!
The two-headed ogre is heavily wounded.
The two-headed ogre barely misses you.
The two-headed ogre hits you with a +0 dire flail!
You slash the two-headed ogre! You claw the two-headed ogre!
The two-headed ogre is severely wounded.
You block the two-headed ogre's attack.
The two-headed ogre hits you with a +0 dire flail!
You slash the two-headed ogre!
You claw the two-headed ogre, but do no damage.
The two-headed ogre is almost dead.
The two-headed ogre hits you with a +0 giant club!!
* * * LOW HITPOINT WARNING * * *
The two-headed ogre hits you with a +0 dire flail!
You die...

........# #.####
#.# ......#.# #.#
#.# ........## #.#
#.# #.#.#.#..# #.#
#.# ......Y..# #.#
#.# .###.##..# #.#
#.# #.....# #.# #.#
#.....###.#######.#
#.....YO@.........#
#......##.#########
#......##.#
#......##.#
#......##.#
###.##.##.# ..
..##.# ### ####.#


You could see a two-headed ogre and an ice beast.

Vanquished Creatures
  Grinder (D:3)
  Menkaure (D:4)
  A sky beast (D:2)
  2 bullfrog zombies
  Natasha (thrice) (D:3)
  An orc wizard (D:3)
  A hound skeleton (D:5)
  6 adders
  4 worms (D:2)
  2 dart slugs
  5 orcs
  6 endoplasms
  4 giant cockroaches
  4 goblins
  9 hobgoblins
  7 jackals
  8 kobolds
  4 quokkas
  6 ball pythons
  5 bats
  2 frilled lizards
  12 rats
94 creatures vanquished.

Notes
Turn   | Place    | Note
-------+----------+-------------------------------------------
     0 | D:1      | kae the Demonspawn Fighter began the quest for the Orb.
     0 | D:1      | Reached XP level 1. HP: 18/18 MP: 1/1
    15 | D:1      | Reached skill level 2 in Long Blades
   129 | D:1      | Gained mutation: You have sharp toenails. [demonic
                  | ancestry]
   129 | D:1      | Reached XP level 2. HP: 24/24 MP: 2/2
   816 | D:1      | Gained mutation: You have razor-sharp toenails. [demonic
                  | ancestry]
   816 | D:1      | Reached XP level 3. HP: 29/29 MP: 3/3
   968 | D:1      | Found a faded altar of an unknown god.
  1047 | D:2      | Reached skill level 3 in Long Blades
  1387 | D:2      | Noticed a sky beast
  1653 | D:2      | Killed a sky beast
  1654 | D:2      | Reached skill level 4 in Long Blades
  1654 | D:2      | Reached XP level 4. HP: 27/37 MP: 4/4
  1654 | D:2      | Reached XP level 5. HP: 30/42 MP: 5/5
  1970 | D:2      | Found an ancient bone altar of Kikubaaqudgha.
  2751 | D:3      | Gained mutation: You have claws for feet. [demonic
                  | ancestry]
  2751 | D:3      | Reached XP level 6. HP: 35/49 MP: 6/6
  2751 | D:3      | Noticed Grinder
  2911 | D:3      | Paralysed by Grinder for 7 turns
  2927 | D:3      | Killed Grinder
  2928 | D:3      | Reached skill level 5 in Fighting
  2928 | D:3      | Reached skill level 5 in Long Blades
  3104 | D:3      | Found a bloodstained altar of Trog.
  3202 | D:3      | Noticed Natasha
  3207 | D:3      | Killed Natasha
  3227 | D:3      | Found a shimmering blue altar of Sif Muna.
  3254 | D:3      | Found a sacrificial altar of Ru.
  3424 | D:3      | Reached XP level 7. HP: 56/56 MP: 7/7
  3511 | D:3      | Noticed Natasha
  3518 | D:3      | Killed Natasha
  3756 | D:3      | Found a shimmering blue altar of Sif Muna.
  3796 | D:3      | Found a bloodstained altar of Trog.
  3884 | D:3      | Noticed Natasha
  3893 | D:3      | Killed Natasha
  4292 | D:3      | Found a sacrificial altar of Ru.
  4562 | D:4      | Noticed Menkaure
  4567 | D:4      | Killed Menkaure
  4568 | D:4      | Reached skill level 6 in Long Blades
  5349 | D:5      | Entered Level 5 of the Dungeon
  5390 | D:5      | Found a staircase to the Ecumenical Temple.
  5391 | D:5      | Noticed a two-headed ogre
  5404 | D:5      | Slain by a two-headed ogre

Illustrated notes

Levels and vault maps discovered:
D:1:      scummos_arrival_star, layout_basic,
          shapermc_ecumenical_altar_hornbeckon, grunt_decor_resistance,
          corexii_corridor_pit
D:2:      layout_basic, basic_altar
D:3:      layout_loops_ring, lemuel_tele_altar, old_standard_altar,
          led_sif_pool, lemuel_crystal_altar, nicolae_ru_path_of_blood,
          uniq_natasha, uniq_grinder
D:4:      layout_loops_ring, kennysheep_donut, uniq_menkaure
D:5:      layout_basic, nicolae_overflow_hidden_temple, kennysheep_mini,
          minmay_temple_entry_glass, nrook_pool_corridor

Skill      XL: |  1  2  3  4  5  6  7 |
---------------+----------------------+-----
Long Blades    | 2 4 5 6 |  6.4
Fighting       | 4 5 |  5.6
Armour         | |  2.6
Shields        | |  2.6

Action                   |  1- 3 |  4- 6 |  7- 9 || total
-------------------------+-------+-------+-------++-------
Melee: Long sword        |    86 |    98 |    57 ||   241
       Kick              |    12 |    31 |    22 ||    65
  Use: Scroll            |     1 |     3 |     2 ||     6
       Potion            |     1 |       |     1 ||     2
Armor: Scale mail        |    60 |    27 |    16 ||   103
Dodge: Dodged            |    33 |    18 |     8 ||    59
Block: Kite shield       |    40 |    42 |    19 ||   101
       Rpst.: Long sword |    13 |     3 |     4 ||    20

Table legend: (Time is in decaauts)
 A = Elapsed time spent in this place.
 B = Non-inter-level travel time spent in this place.
 C = Inter-level travel time spent in this place.
 D = Time resting spent in this place.
 E = Time spent auto-exploring this place.
 F = Levels seen in this place.
 G = Mean time per level.
                   A        B        C        D        E       F      G
               +--------+--------+--------+--------+--------+-----+--------+
         Total |   5501 |   5366 |    135 |    324 |   4348 |   5 | 1100.2 |
       Dungeon |   5501 |   5366 |    135 |    324 |   4348 |   5 | 1100.2 |
               +--------+--------+--------+--------+--------+-----+--------+

Top non-repeatable levels by time:
     D:3: 1717 daAuts
     D:1: 1463 daAuts
     D:2: 1367 daAuts
     D:4: 897 daAuts
     D:5: 55 daAuts
